 Dungeon Crawl Stone Soup version 0.21.1-1-g345015fe64 (webtiles) character file.

238 Gargoyl the Skirmisher (level 5, -2/46 HPs)
             Began as a Centaur Abyssal Knight on Mar 7, 2018.
             Was a Priest of Lugonu.
             Slain by Menkaure (6 damage)
             ... on level 4 of the Dungeon.
             The game lasted 00:06:09 (3531 turns).

Gargoyl the Skirmisher (Centaur Abyssal Knight)     Turns: 3531, Time: 00:06:10

Health: -2/46      AC:  9    Str: 19    XL:     5   Next: 78%
Magic:  7/7        EV:  3    Int: 11    God:    Lugonu [***...]
Gold:   192        SH:  0    Dex: 10    Spells: 4/4 levels left

rFire    . . .     SeeInvis .   a - +1 hand axe
rCold    . . .     Gourm    .   (no shield)
rNeg     . . .     Faith    .   d - +0 plate armour
rPois    .         Spirit   .   (no helmet)
rElec    .         Reflect  .   (no cloak)
rCorr    .         Harm     .   (no gloves)
MR       .....                  (no barding)
Stlth    ..........             m - amulet of magic regeneration
HPRegen  0.15/turn              (no ring)
MPRegen  0.35/turn              (no ring)

@: mighty, very slightly contaminated, invisible, very quick
A: large, hooves 3, deformed body, speed 2, tough skin 3
a: Depart the Abyss, Bend Space, Banish, Renounce Religion


You were on level 4 of the Dungeon.
You worshipped Lugonu.
Lugonu was most pleased with you.
You were not hungry.

You visited 1 branch of the dungeon, and saw 4 of its levels.
You visited the Abyss 1 time.

You collected 192 gold pieces.

Inventory:

Hand Weapons
 a - a +1 hand axe (weapon)
Armour
 d - a +0 plate armour (worn)
Jewellery
 m - an amulet of magic regeneration (around neck)
Scrolls
 f - a scroll of fog
 k - 2 scrolls of teleportation
 p - a scroll of blinking
Potions
 b - a potion of cancellation
 e - a potion of resistance {unknown}
 g - 2 potions of might
 h - a potion of mutation {unknown}
 j - a potion of heal wounds {unknown}
 l - a potion of brilliance {unknown}
 q - a potion of ambrosia {unknown}
Books
 n - a book of Cantrips

   Spells                             Type                      Level
   a - Confusing Touch                Hexes                        1
   b - Animate Skeleton               Necromancy                   1
   c - Summon Small Mammal            Summoning                    1
   d - Apportation                    Translocation                1
Comestibles
 c - 10 rations


   Skills:
 + Level 3.8 Fighting
 + Level 3.5 Axes
 * Level 2.9 Armour
 + Level 0.6 Dodging
 * Level 3.0 Invocations


You had 4 spell levels left.
You didn't know any spells.

Dungeon Overview and Level Annotations

Branches:
Dungeon (4/15)
 Temple: D:4-7

Altars:
Hepliaklqana
Xom

Annotations:
D:4 Menkaure


Innate Abilities, Weirdness & Mutations

You have hooves in place of feet.
Armour fits poorly on your strangely shaped body.
You cover ground very quickly.
You have extremely tough skin. (AC +3)


Message History

Pain shoots through your body! Menkaure hits you!!
* * * LOW HITPOINT WARNING * * *
It was a potion of might.
You feel very mighty all of a sudden. Menkaure hits you but does no damage.
It was a potion of invisibility.
You fade into invisibility!
Menkaure hits you.
* * * LOW HITPOINT WARNING * * *
You are very lightly contaminated with residual magic.
You hit Menkaure. Your kick misses Menkaure.
Menkaure is moderately damaged.
Menkaure gestures at you while chanting.
Pain shoots through your body!
* * * LOW HITPOINT WARNING * * *
You slash Menkaure!
Menkaure is almost destroyed.
Menkaure hits you.
You die...

#########
###.......###########
.............@M......
###.$.....##.####......#
#.......##.# #......#
#.......##.# #......#
#.......##.## #......#
.?.......##..# #......#
###.......###.# #......#
##...#.## #.# #......#
...%#.# #.# #.....#


You could see Menkaure.

Vanquished Creatures
  An ice beast (D:4)
  3 adders (D:2)
  2 oozes (D:3)
  A worm (D:2)
  3 dart slugs
  2 leopard geckos (D:1)
  11 orcs (D:3)
  10 giant cockroaches
  3 goblins
  9 hobgoblins
  12 jackals
  A quokka (D:3)
  6 bats
  6 frilled lizards
  5 kobolds
  4 rats
79 creatures vanquished.

Notes
Turn   | Place    | Note
-------+----------+-------------------------------------------
     0 | Abyss:1  | Gargoyl the Centaur Abyssal Knight began the quest for the Orb.
     0 | Abyss:1  | Reached XP level 1. HP: 19/19 MP: 2/2
    65 | Abyss:1  | Noticed a raiju
    66 | D:1      | Escaped the Abyss
   208 | D:1      | Reached * piety under Lugonu
   239 | D:1      | Reached XP level 2. HP: 20/26 MP: 3/3
   983 | D:2      | Reached XP level 3. HP: 29/31 MP: 4/4
  1411 | D:2      | Reached ** piety under Lugonu
  1569 | D:2      | Reached XP level 4. HP: 36/38 MP: 5/5
  2065 | D:3      | Found a shimmering altar of Xom.
  2919 | D:3      | Found a hazy altar of Hepliaklqana.
  2945 | D:3      | Reached *** piety under Lugonu
  2998 | D:3      | Reached XP level 5. HP: 45/45 MP: 6/6
  3195 | D:4      | Noticed an ice beast
  3221 | D:4      | Killed an ice beast
  3522 | D:4      | Noticed Menkaure
  3531 | D:4      | Slain by Menkaure

Skill      XL: |  1  2  3  4  5 |
---------------+----------------+-----
Axes           | 2 3 |  3.5
Armour         | 2 |  2.9
Invocations    | 3 |  3.0
Fighting       | |  3.8
Dodging        | |  0.6

Action                   |  1- 3 |  4- 6 || total
-------------------------+-------+-------++-------
Melee: Hand axe          |   128 |   156 ||   284
       Kick              |    23 |    21 ||    44
Invok: Depart the Abyss  |     1 |       ||     1
  Use: Scroll            |     3 |     5 ||     8
       Potion            |       |     2 ||     2
  Eat: Chunk             |     1 |     6 ||     7
Armor: Plate armour      |   122 |   165 ||   287
Dodge: Dodged            |     7 |    27 ||    34
